 Dungeon Crawl Stone Soup version 0.25.1-2-g60ff931df9 (webtiles) character file.

Game seed: 8101332090405508074

142 Almogavar the Ruffian (level 5, -2/52 HPs)
             Began as a Troll Fighter on Aug 31, 2020.
             Was a Follower of Makhleb.
             Slain by a worker ant (4 damage)
             ... on level 3 of the Dungeon.
             The game lasted 00:05:52 (2381 turns).

Almogavar the Ruffian (Troll Fighter)               Turns: 2381, Time: 00:05:55

Health: -2/52      AC:  6    Str: 23 (25) XL:     5   Next: 4%
Magic:  4/4        EV:  8    Int:  1 (4)  God:    Makhleb [*.....]
Gold:   207        SH:  8    Dex:  8 (9)  Spells: 4/4 levels left

rFire    . . .     SeeInvis .     - Unarmed
rCold    . . .     Gourm    +   b - +0 kite shield
rNeg     . . .     Faith    .   a - +0 robe
rPois    .         Spirit   .   (helmet restricted)
rElec    .         Reflect  .   (no cloak)
rCorr    .         Harm     .   (gloves unavailable)
MR       .....                  (boots unavailable)
Stlth    +.........             (no amulet)
HPRegen  0.57/turn              (no ring)
MPRegen  0.09/turn              (no ring)

@: mighty, lethally poisoned (-2 -> -7)
A: large, unfitting armour, claws 3, fast metabolism 3, gourmand, regeneration
1, shaggy fur 1, tough skin 3
a: Renounce Religion


You were on level 3 of the Dungeon.
You worshipped Makhleb.
Makhleb was aware of your devotion.
You were not hungry.

You visited 1 branch of the dungeon, and saw 3 of its levels.

You collected 207 gold pieces.

Inventory:

Armour
 a - a +0 robe (worn)
 b - a +0 kite shield (worn)
Scrolls
 e - a scroll of remove curse {unknown}
 f - a scroll of enchant weapon {unknown}
 h - 3 scrolls of identify {unknown}
 i - a scroll of teleportation {unknown}
 l - a scroll of noise {unknown}
Potions
 j - a potion of ambrosia {unknown}
 k - a potion of flight {unknown}
Comestibles
 d - 5 rations


   Skills:
 + Level 2.8 Fighting
 + Level 3.3 Dodging
 + Level 3.0 Shields
 + Level 3.4 Unarmed Combat


You had 4 spell levels left.
You didn't know any spells.
Your spell library was empty.

Dungeon Overview and Level Annotations

Branches:
Dungeon (3/15)

Altars:
Gozag
Kikubaaqudgha
Makhleb
Qazlal

Annotations:
D:3 1 transporter


Innate Abilities, Weirdness & Mutations

You are too large for most types of armour.
You have claws for hands.
Your metabolism is lightning-fast.
You like to eat raw meat.
Your natural rate of healing is unusually fast.
You are covered in fur. (AC +1)
You have extremely tough skin. (AC +3)


Message History

You feel very mighty all of a sudden.
You feel sick. The bat hits you but does no damage. The killer bee stings you.
* * * LOW HITPOINT WARNING * * *
The worker ant barely misses you. The killer bee barely misses you.
The worker ant bites you but does no damage.
Your shield prevents you from hitting the worker ant.
The worker ant is severely wounded.
You feel sick. The bat hits you but does no damage.
You block the killer bee's attack. The orc misses you.
The worker ant bites you.
* * * LOW HITPOINT WARNING * * *
The killer bee barely misses you. The worker ant barely misses you.
It was a potion of degeneration.
There was something very wrong with that liquid.
You feel weakened.
You feel dopey.
You feel clumsy.
You feel sick. You block the bat's attack. The killer bee stings you!
* * * LOW HITPOINT WARNING * * *
The bat hits you but does no damage. You block the worker ant's attack.
The worker ant bites you.
You die...

#.# #.# ###...#### #÷#
#############.###.........
#.####.......................##
###.#<....#########..###.......#
......##.##...©...##.# ###...###
###......#8.......8#.# #...#
###.####.#$!.......#.## ##.##
....###..#.)...aoy.#..## #.#
###...(.©#_$....@a.#©..# #.#
#####..#$$...b...#...####.#
##.#$!.......#.>......#
#.#8......[8#.########
#.##.......##.# #..#########..#
##...........## #############


You could see 2 worker ants, a killer bee, an orc and a bat.

Vanquished Creatures
  A scorpion (D:3)
  2 adders
  3 oozes
  A worm (D:3)
  A dart slug (D:2)
  4 orcs (D:3)
  9 bats
  5 giant cockroaches
  6 goblins
  4 hobgoblins
  5 kobolds
  A ball python (D:2)
  2 frilled lizards
  9 rats
53 creatures vanquished.

Notes
Turn   | Place    | Note
-------+----------+-------------------------------------------
     0 | D:1      | Almogavar the Troll Fighter began the quest for the Orb.
     0 | D:1      | Reached XP level 1. HP: 22/22 MP: 0/0
   116 | D:1      | Reached XP level 2. HP: 27/29 MP: 1/1
   768 | D:1      | Reached XP level 3. HP: 35/36 MP: 2/2
  1584 | D:2      | Found a stormy altar of Qazlal.
  1648 | D:2      | Found an opulent altar of Gozag.
  1729 | D:3      | Found a burning altar of Makhleb.
  1738 | D:3      | Became a worshipper of Makhleb the Destroyer
  1766 | D:3      | Reached XP level 4. HP: 42/44 MP: 3/3
  2133 | D:3      | Found a transporter.
  2133 | D:3      | Found a transporter.
  2149 | D:3      | Found an ancient bone altar of Kikubaaqudgha.
  2208 | D:3      | Reached * piety under Makhleb
  2225 | D:3      | Reached XP level 5. HP: 51/52 MP: 4/4
  2381 | D:3      | HP: 2/52 [killer bee (7)]
  2381 | D:3      | Slain by a worker ant

Illustrated notes

Levels and vault maps discovered:
D:1:      psy_arrival_radial01, layout_basic
D:2:      layout_basic, nicolae_overflow_hidden_temple, minmay_misc_feat_plants,
          grunt_gozag_breadcrumbs
D:3:      layout_loops_ring, lemuel_round_altar,
          gammafunk_temple_overflow_arena, first_ration

Skill      XL: |  1  2  3  4 |
---------------+-------------+-----
Dodging        | 3 |  3.3
Unarmed Combat | 3 |  3.4
Shields        | 3 |  3.0
Fighting       | |  2.8

Action                   |  1- 3 |  4- 6 || total
-------------------------+-------+-------++-------
Melee: Unarmed           |   112 |    39 ||   151
  Use: Potion            |       |     2 ||     2
 Stab: Sleeping          |       |     1 ||     1
  Eat: Chunk             |    16 |     6 ||    22
Armor: Robe              |    58 |    19 ||    77
Dodge: Dodged            |    47 |    21 ||    68
Block: Kite shield       |    46 |    24 ||    70
